 Dungeon Crawl Stone Soup version 0.25.0-15-gac7dcb8919 (webtiles) character file.

Game seed: 461160459783696744

35 Esekla the Grave Robber (level 3, 0/27 HPs)
             Began as a Barachi Necromancer on June 28, 2020.
             Was an Initiate of Sif Muna.
             Slain by a bullfrog skeleton (4 damage)
             ... on level 5 of the Dungeon.
             The game lasted 00:09:55 (1464 turns).

Esekla the Grave Robber (Barachi Necromancer)       Turns: 1464, Time: 00:09:56

Health: 0/27       AC:  2    Str:  9    XL:     3   Next: 33%
Magic:  3/6        EV: 12    Int: 16    God:    Sif Muna [......]
Gold:   18         SH:  0    Dex: 12    Spells: 2/6 levels left

rFire    . . .     SeeInvis .   e - +0 dagger
rCold    . . .     Gourm    .   (no shield)
rNeg     . . .     Faith    .   a - +0 robe
rPois    .         Spirit   .   (no helmet)
rElec    .         Reflect  .   (no cloak)
rCorr    .         Harm     .   (no gloves)
MR       .....                  (no boots)
Stlth    ++........             (no amulet)
HPRegen  0.09/turn              (no ring)
MPRegen  0.10/turn              (no ring)

@: slow
A: +LOS, swims, slowness 1, strong legs 1
a: Hop, Renounce Religion


You were on level 5 of the Dungeon.
You worshipped Sif Muna.
Sif Muna was noncommittal.
You were not hungry.

You visited 1 branch of the dungeon, and saw 6 of its levels.

You collected 18 gold pieces.

Inventory:

Hand Weapons
 b - a +0 flail
 e - a +0 dagger (weapon)
 h - a +0 trident
Armour
 a - a +0 robe (worn)
Scrolls
 f - 3 scrolls of teleportation {unknown}
 j - a scroll of random uselessness {unknown}
Potions
 d - a potion of curing {unknown}
 g - 2 potions of flight {unknown}
Comestibles
 c - 2 rations
 i - 2 chunks of flesh


   Skills:
 * Level 2.2 Fighting
 + Level 2.2 Dodging
 - Level 1.7 Stealth
 * Level 2.4 Spellcasting
 * Level 4.0 Necromancy


You had 2 spell levels left.
You knew the following spells:

 Your Spells              Type           Power        Failure   Level  Hunger
a - Pain                  Necr           ##..         3%          1    #......
d - Vampiric Draining     Necr           ##........   12%         3    ###....

Your spell library contained the following spells:

 Spells                   Type           Power        Failure   Level  Hunger
 Animate Skeleton         Necr           N/A          3%          1    #......
 Animate Dead             Necr           N/A          36%         4    #####..
 Agony                    Necr           ##......     71%         5    ######.


Dungeon Overview and Level Annotations

Branches:
Dungeon (6/15)
 Temple: D:4-7

Altars:
Elyvilon
Kikubaaqudgha
Qazlal
Sif Muna
Uskayaw


Innate Abilities, Weirdness & Mutations

You can be seen from farther away. (+LOS)
You can swim through water.
You cover ground slowly.
You can hop short distances.


Message History

The bullfrog skeleton misses you.
You barely miss the bullfrog skeleton.
The bullfrog skeleton is lightly damaged.
The bullfrog skeleton completely misses you.
You hit the bullfrog skeleton.
The bullfrog skeleton is moderately damaged.
The bullfrog skeleton hits you. x2
You hit the bullfrog skeleton.
The bullfrog skeleton is moderately damaged.
The bullfrog skeleton hits you.
The bullfrog skeleton barely misses you.
You hit the bullfrog skeleton.
The bullfrog skeleton is moderately damaged.
The bullfrog skeleton misses you.
You hit the bullfrog skeleton.
The bullfrog skeleton is moderately damaged.
The bullfrog skeleton hits you.
* * * LOW HITPOINT WARNING * * *
The bullfrog skeleton hits you.
You die...

..... $.# .... ..#
... .. #..... ..#.#
#..... ....
##.....##.#.#
##.......^.#$#
#.........##Z#
#.......>.##@#
#.........##.#
#.........##.#
#............#
##........#####
#.........#...##
#.>............##
#...............#
#####...............#


You could see a bullfrog skeleton.

Vanquished Creatures
  A worker ant (D:5)
  An adder skeleton (D:3)
  An orc (D:5)
  A giant cockroach (D:6)
  A hobgoblin (D:3)
  3 bats
  A leopard gecko skeleton (D:5)
9 creatures vanquished.

Notes
Turn   | Place    | Note
-------+----------+-------------------------------------------
     0 | D:1      | Esekla the Barachi Necromancer began the quest for the Orb.
     0 | D:1      | Reached XP level 1. HP: 13/13 MP: 3/3
   173 | D:2      | Found a white marble altar of Elyvilon.
   177 | D:2      | Became a worshipper of Elyvilon the Healer
   217 | D:3      | Found a shimmering blue altar of Sif Muna.
   221 | D:3      | Fell from the grace of Elyvilon
   221 | D:3      | Became a worshipper of Sif Muna the Loreminder
   569 | D:3      | Reached XP level 2. HP: 15/20 MP: 5/5
   811 | D:3      | You fall into a shaft and drop 3 floors!
   811 | D:6      | Found an ancient bone altar of Kikubaaqudgha.
  1239 | D:6      | Found a stormy altar of Qazlal.
  1275 | D:5      | Entered Level 5 of the Dungeon
  1342 | D:5      | Found a hide-covered altar of Uskayaw.
  1342 | D:5      | Noticed a centaur
  1437 | D:5      | Reached skill level 4 in Necromancy
  1437 | D:5      | Reached XP level 3. HP: 22/27 MP: 0/6
  1442 | D:5      | Learned a level 3 spell: Vampiric Draining
  1464 | D:5      | Slain by a bullfrog skeleton

Illustrated notes

Levels and vault maps discovered:
D:1:      shiori_arrival_elements, layout_basic
D:2:      layout_loops_ring, elyvilon_altar_4, first_ration
D:3:      wad_river_or_something, layout_basic, led_sif_pool
D:4:      layout_basic, portal_sewer_entry_d, uniq_crazy_yiuf_cottage,
          uniq_ijyb, uniq_blork_the_orc, uniq_pikel, uniq_grinder
D:5:      layout_rooms, tso_metal_star, kennysheep_little_box,
          minmay_temple_entry_purple_smoke, serial_shops, nicolae_shop_trees,
          hex_large
D:6:      layout_basic, nicolae_overflow_crystal_walls,
          overflow_temple_1_default, nicolae_ru_sacrificial_ziggurat

Skill      XL: |  1  2 |
---------------+-------+-----
Fighting       | 2 |  2.2
Necromancy     | 4 |  4.0
Dodging        | |  2.2
Stealth        | |  1.7
Spellcasting   | |  2.4

Action                   || total
-------------------------++-------
Melee: Flail             ||     4
       Unarmed           ||     1
       Dagger            ||    18
 Cast: Pain              ||    20
 Abil: Hop               ||     1
  Eat: Chunk             ||     2
Armor: Robe              ||    15
Dodge: Dodged            ||    49
